 Dungeon Crawl Stone Soup version 0.26-a0-946-g9485abf61d (webtiles) character file.

Game seed: 4107269885311911348

1354 PentaManta the Grappler (level 8, -3/75 HPs)
             Began as a Troll Monk on Nov 28, 2020.
             Slain by an ogre
             ... wielding a +0 giant spiked club
              (21 damage)
             ... on level 5 of the Dungeon.
             The game lasted 00:08:17 (4673 turns).

PentaManta the Grappler (Troll Monk)                Turns: 4673, Time: 00:08:17

Health: -3/75      AC: 10    Str: 22    XL:     8   Next: 37%
Magic:  7/7        EV: 10    Int: 12    God:
Gold:   118        SH:  0    Dex:  7    Spells: 7/7 levels left

rFire    + . .     SeeInvis .     - Unarmed
rCold    . . .     Faith    .   (no shield)
rNeg     . . .     Spirit   .   t - +1 robe {rF+}
rPois    .         Reflect  .   (helmet restricted)
rElec    +         Harm     .   m - +2 cloak of the Eternal Fruit {rElec rCorr Int+6 Dex-5}
rCorr    +         Rampage  .   (gloves unavailable)
MR       .....                  (boots unavailable)
Stlth    +.........             (no amulet)
HPRegen  0.62/turn              (no ring)
MPRegen  0.10/turn              (no ring)

@: no status effects
A: large, unfitting armour, claws 3, regeneration 1, shaggy fur 1, tough skin 3
a: no special abilities


You were on level 5 of the Dungeon.
You visited 1 branch of the dungeon, and saw 6 of its levels.

You collected 336 gold pieces.
You spent 218 gold pieces at shops.

Inventory:

Missiles
 j - 34 poisoned darts (quivered)
Armour
 m - the +2 cloak of the Eternal Fruit (worn) {rElec rCorr Int+6 Dex-5}
   (You bought it in a shop on level 5 of the Dungeon)

   It affects your intelligence (+6).
   It affects your dexterity (-5).
   It insulates you from electricity.
   It provides partial protection from all sources of acid and corrosion.
 t - a +1 robe of fire resistance (worn)
Jewellery
 r - an uncursed ring of fire
Wands
 l - a wand of digging (10)
Scrolls
 a - a scroll of fear {unknown}
 b - a scroll of amnesia {unknown}
 d - 6 scrolls of identify {unknown}
 f - a scroll of enchant weapon {unknown}
 g - 2 scrolls of magic mapping
 i - 2 scrolls of immolation
 n - a scroll of remove curse
Potions
 c - a potion of degeneration {unknown}
 e - 2 potions of heal wounds {unknown}
 h - a potion of curing {unknown}
 k - 2 potions of flight {unknown}
 o - a potion of resistance {unknown}
 q - a potion of haste {unknown}
 s - a potion of cancellation {unknown}


   Skills:
 + Level 3.4 Fighting
 + Level 1.0 Armour
 + Level 3.9 Dodging
 + Level 1.4 Stealth
 * Level 9.3 Unarmed Combat


You had 7 spell levels left.
You didn't know any spells.
Your spell library was empty.

Dungeon Overview and Level Annotations

Branches:
Dungeon (6/15)
 Temple: D:4-7

Altars:
Cheibriados
Gozag
Kikubaaqudgha
Qazlal
Ru
Trog
Yredelemnul

Shops:
D:5 [


Innate Abilities, Weirdness & Mutations

You are too large for most types of armour.
You have claws for hands.
Your natural rate of healing is unusually fast.
You are covered in fur. (AC +1)
You have extremely tough skin. (AC +3)


Message History

There is an escape hatch in the ceiling, spattered with blood here.
The orc barely misses you.
The orc priest begins to cast a cantrip, but forgets the words!
The ogre hits you with a +0 giant spiked club!
A mysterious force pulls you upwards. The hatch slams shut behind you.
You closely miss the orc priest. The orc closely misses you.
The orc priest hits you but does no damage.
You mangle the orc priest!!
You kill the orc priest!
The ogre hits you with a +0 giant spiked club!!
* * * LOW HITPOINT WARNING * * *
The orc hits you but does no damage.
Your Armour skill increases to level 1!
The orc misses you.
Okay, then.
You claw the orc!
You kill the orc!
You scratch the ogre but do no damage.
The ogre hits you with a +0 giant spiked club!!
You die...

######### #.......#
#.......# #.......#
#.@.....#
#############O......#
##..#................#
#...#................#
###..#................#
.##..#................#
.....#.....)..........#
.....#................#
.##..#................#


You could see an ogre.

Vanquished Creatures
  Grinder (D:4)
  Prince Ribbit (D:5)
  A sky beast (D:5)
  A phantom (D:4)
  An ogre (D:4)
  A centaur (D:6)
  3 orc priests
  A hound (D:5)
  2 orc wizards
  A centaur skeleton (D:2)
  An iguana (D:5)
  Jessica (D:2)
  2 worker ants (D:4)
  3 gnolls (D:5)
  10 adders
  2 white imps
  2 ufetubi
  2 oozes
  An adder skeleton (D:4)
  2 worms
  4 dart slugs
  9 leopard geckos
  14 orcs
  3 ball pythons
  5 giant cockroaches
  7 goblins
  7 hobgoblins
  15 jackals
  3 quokkas
  6 bats
  5 frilled lizards
  A jackal skeleton (D:5)
  6 kobolds
  A leopard gecko zombie (D:5)
  14 rats
139 creatures vanquished.

Notes
Turn   | Place    | Note
-------+----------+-------------------------------------------
     0 | D:1      | PentaManta the Troll Monk began the quest for the Orb.
     0 | D:1      | Reached XP level 1. HP: 22/22 MP: 0/0
    37 | D:1      | Reached XP level 2. HP: 26/29 MP: 1/1
   142 | D:1      | Reached XP level 3. HP: 21/36 MP: 2/2
   389 | D:1      | You fall into a shaft and drop 1 floor!
   390 | D:2      | Noticed Jessica
   394 | D:2      | Reached skill level 4 in Unarmed Combat
   564 | D:2      | Killed Jessica
   565 | D:2      | Reached XP level 4. HP: 39/44 MP: 3/3
  1029 | D:2      | Found an ancient bone altar of Kikubaaqudgha.
  1052 | D:2      | Reached skill level 5 in Unarmed Combat
  1142 | D:2      | Found a sacrificial altar of Ru.
  1155 | D:2      | Reached XP level 5. HP: 40/52 MP: 4/4
  1284 | D:2      | Found a basalt altar of Yredelemnul.
  1648 | D:3      | Found an opulent altar of Gozag.
  2422 | D:4      | Reached skill level 6 in Unarmed Combat
  2481 | D:4      | Noticed an ogre
  2486 | D:4      | Killed an ogre
  2487 | D:4      | Reached XP level 6. HP: 45/59 MP: 5/5
  2630 | D:4      | Reached skill level 7 in Unarmed Combat
  2858 | D:4      | Noticed Grinder
  2870 | D:4      | Killed Grinder
  2871 | D:4      | Reached skill level 8 in Unarmed Combat
  2871 | D:4      | Reached XP level 7. HP: 15/66 MP: 6/6
  3260 | D:4      | Found a snail-covered altar of Cheibriados.
  3260 | D:4      | Found a stormy altar of Qazlal.
  3581 | D:5      | Entered Level 5 of the Dungeon
  3581 | D:5      | Noticed Prince Ribbit
  3590 | D:5      | Killed Prince Ribbit
  3664 | D:5      | Found Lafyenor's Antique Armour Emporium.
  3675 | D:5      | Bought a faintly glowing cloak for 218 gold pieces
  3680 | D:5      | Identified the +2 cloak of the Eternal Fruit {rElec rCorr
                  | Int+6 Dex-5} (You bought it in a shop on level 5 of the
                  | Dungeon)
  3706 | D:5      | Reached skill level 9 in Unarmed Combat
  3706 | D:5      | Reached XP level 8. HP: 56/75 MP: 7/7
  4354 | D:5      | Noticed a moth of wrath
  4357 | D:5      | Found a bloodstained altar of Trog.
  4667 | D:5      | Reached skill level 1 in Armour
  4673 | D:5      | Slain by an ogre

Illustrated notes

Levels and vault maps discovered:
D:1:      ncdulo_lavacross, layout_basic, minmay_fountain_box
D:2:      layout_loops_ring, nicolae_ru_great_annihilating_truth,
          lemuel_doored_altar, kiku_gazebo_garden_becter, uniq_jessica
D:3:      minmay_skewed_foursquare, layout_loops_corners,
          nicolae_overflow_hidden_temple, serial_park_tiny_pond,
          chequers_serial_rivers_large_a
D:4:      layout_basic, gammafunk_temple_overflow_wave, serial_co_window_serial,
          co_window_paths_b, co_window_paths_a, co_window_paths_b,
          co_window_paths_b, co_window_paths_a, co_window_unsneaky_path_e,
          co_window_unsneaky_path_b, co_window_unsneaky_path_c,
          co_window_paths_d, glass_columns_b, glass_columns_b, glass_columns_b,
          glass_columns_a, glass_columns_a, uniq_grinder
D:5:      layout_gridville, tgw_trog, serial_shops,
          nicolae_shop_temple_entry_statues_fountains, uniq_prince_ribbit1
D:6:      layout_cave_pods, dancing_weapons_uskayaw

Skill      XL: |  1  2  3  4  5  6  7  8 |
---------------+-------------------------+-----
Unarmed Combat | 4 5 6 8 9 |  9.3
Dodging        | 3 |  3.9
Fighting       | 3 |  3.4
Armour         | 1 |  1.0
Stealth        | |  1.4

Action                   |  1- 3 |  4- 6 |  7- 9 || total
-------------------------+-------+-------+-------++-------
Melee: Unarmed           |   110 |   131 |   100 ||   341
       Punch             |     2 |     1 |     3 ||     6
Throw: Dart              |       |       |     4 ||     4
  Use: Scroll            |       |       |     6 ||     6
 Stab: Sleeping          |     3 |     4 |     3 ||    10
       Invisible         |       |     1 |       ||     1
       Paralysed         |       |     1 |       ||     1
       Distracted        |       |       |     1 ||     1
Armor: Robe              |    63 |    45 |    44 ||   152
Dodge: Dodged            |    72 |    62 |    61 ||   195

Table legend: (Time is in decaauts)
 A = Elapsed time spent in this place.
 B = Non-inter-level travel time spent in this place.
 C = Inter-level travel time spent in this place.
 D = Time resting spent in this place.
 E = Time spent auto-exploring this place.
 F = Levels seen in this place.
 G = Mean time per level.
                   A        B        C        D        E       F      G
               +--------+--------+--------+--------+--------+-----+--------+
         Total |   4643 |   4343 |    300 |     85 |   3449 |   6 |  773.8 |
       Dungeon |   4643 |   4343 |    300 |     85 |   3449 |   6 |  773.8 |
               +--------+--------+--------+--------+--------+-----+--------+

Top non-repeatable levels by time:
     D:4: 1079 daAuts
     D:3: 1015 daAuts
     D:5: 1012 daAuts
     D:1: 751 daAuts
     D:2: 720 daAuts
     D:6: 63 daAuts
